Map: Golden Wall LE

Players

DnS - Winner!

  • Race: Protoss Protoss
  • Spawn Location: 7:00

SortOf

  • Race: Zerg Zerg
  • League: Grandmaster
  • Spawn Location: 5:00

Event: DreamHack SC2 Masters 2020 Summer Europe

VOD

Have the link to the VOD?

Description

Time

  • Played on: July 3, 2020, 10:09 a.m.
  • Length: 5:10

All games in this series

Show
View Real Time Build Order
Export as new Build Order

DnS Protoss - Winner!

Build Orders: 1 Gate Expand, Oracle Opening 

Get SALT Encoding   

  12  0:00  Probe  
  13  0:12  Probe  
  14  0:19  Pylon  
  14  0:24  Probe  
  15  0:34  Probe  
  15  0:40  Gateway  
  15  0:42  Probe  
  17  0:50  Assimilator  
  17  0:52  Probe  
  19  1:04  Probe  
  19  1:16  Probe  
  20  1:27  Nexus  
  20  1:38  Cybernetics Core  
  20  1:41  Probe  
  21  1:49  Assimilator  
  21  1:54  Probe  
  22  1:59  Pylon  
  22  2:06  Probe  
  22  2:07  Adept  
  23  2:14  Probe  
  23  2:16  Warp Gate  
  23  2:22  Probe  
  26  2:28  Stargate  
  27  2:32  Stalker, Probe  
  28  2:39  Probe  
  31  2:45  Probe  
  32  2:51  Probe  
  32  2:57  Probe  
  34  3:04  Oracle, Probe  
  35  3:09  Probe  
  35  3:10  Gateway  
  36  3:16  Probe  
  40  3:22  Adept, Probe  
  43  3:29  Pylon, Probe  
  44  3:35  Oracle  
  44  3:40  Gateway  
  44  3:41  Shield Battery  
  45  3:55  Probe x2  
  45  4:01  Gateway  
  45  4:03  Adept, Pylon  
  45  4:06  Adept  
  49  4:13  Pylon  
  49  4:14  Pylon  
  49  4:19  Pylon  
  49  4:20  Pylon  
  49  4:23  Oracle  
  48  4:35  Adept x2  
  55  4:44  Pylon  
  55  4:48  Gateway  
  55  4:56  Sentry  
  55  4:59  Pylon  
  57  5:00  Adept  
Show
View Real Time Build Order
Export as new Build Order

SortOf Zerg 

Build Orders: Hatch First 

Get SALT Encoding   

  12  0:00  Drone  
  13  0:13  Overlord  
  13  0:17  Drone  
  14  0:32  Drone x2  
  16  0:42  Drone  
  17  0:53  Drone  
  18  0:58  Hatchery  
  18  1:00  Drone  
  18  1:02  Extractor  
  17  1:15  Spawning Pool  
  16  1:19  Drone  
  16  1:21  Drone  
  18  1:29  Drone  
  19  1:40  Overlord  
  19  1:53  Drone  
  20  2:03  Zergling x2, Metabolic Boost  
  20  2:05  Queen  
  23  2:12  Drone, Zergling x2  
  23  2:14  Queen  
  27  2:26  Zergling x4  
  29  2:36  Zergling x4  
  31  2:44  Hatchery  
  30  2:52  Overlord  
  30  2:53  Zergling x4  
  30  2:56  Zergling x2  
  33  3:05  Zergling x2  
  34  3:07  Zergling x2  
  34  3:10  Queen  
  37  3:14  Zergling x2  
  37  3:19  Zergling x2  
  38  3:23  Zergling x6  
  38  3:26  Zergling x2  
  42  3:28  Zergling x2  
  43  3:34  Overlord  
  43  3:36  Zergling x2  
  43  3:40  Zergling x2  
  43  3:43  Zergling x2  
  43  3:50  Zergling x2  
  43  3:51  Zergling x2  
  43  3:53  Zergling x4  
  43  3:54  Zergling x2  
  44  3:59  Zergling x4  
  44  4:00  Zergling x2  
  42  4:04  Zergling x2  
  42  4:09  Zergling x2  
  43  4:10  Zergling x2  
  42  4:17  Zergling x6  
  42  4:19  Zergling x2  
  42  4:22  Zergling x2  
  42  4:24  Zergling x2  
  47  4:27  Zergling x2  
  47  4:29  Zergling x2  
  46  4:34  Zergling x2  
  46  4:35  Zergling x2  
  46  4:40  Zergling x4  
  46  4:43  Zergling x2  
  45  4:50  Zergling x2  
Tags
 
Add a new tag
Caveats
  • Supply blocks, unpowered buildings, or Contaminate may cause inaccurate times.
  • Supply counts are checked every 10 seconds.